 Dungeon Crawl Stone Soup version 0.31-a0-963-ga325b2283a (webtiles) character file.

Game seed: 12681233587427439851

630 Xavori the Slasher (level 7, -3/52 HPs)
             Began as a Djinni Chaos Knight on Oct 24, 2023.
             Was a Plaything of Xom.
             Slain by a blink frog (9 damage)
             ... on level 5 of the Dungeon.
             The game lasted 00:04:45 (3842 turns).

Xavori the Slasher (Djinni Chaos Knight)            Turns: 3842, Time: 00:04:46

Health: -3/52      AC: 13    Str: 11    XL:     7   Next: 77%
Gold:   239        EV: 13    Int: 14    God:    Xom [...*..] SH:  5 Dex: 14

rFire   + + .        a - +0 falchion (chaos)
rCold   x . .        (no shield)
rNeg    . . .        b - +2 leather armour
rPois   ∞            (no helmet)
rElec   .            (no cloak)
rCorr   .            (no gloves)
SInv    .            (boots unavailable)
Will    .....        n - amulet of reflection
Stlth   +            g - +4 ring of protection
HPRegen 0.28/turn    l - +4 ring of protection
MPRegen 0.00/turn

%: reflection, infuse magic (-4 HP)
@: flying
A: sickness immunity, fire resistance 2, cold vulnerability 1, float, innate
caster, HP casting, extra vitality 1
a: Renounce Religion


You were on level 5 of the Dungeon.
You worshipped Xom.
You were a favourite toy of Xom.
You visited 1 branch of the dungeon, and saw 5 of its levels.

You collected 239 gold pieces.

Inventory:

Hand Weapons
 a - a +0 falchion of chaos (weapon)
Armour
 b - a +2 leather armour (worn)
Jewellery
 g - a +4 ring of protection (left hand)
 l - a +4 ring of protection (right hand)
 n - an amulet of reflection (around neck)
 o - a ring of positive energy
 q - a +5 ring of evasion
Wands
 s - a wand of light (9)
Scrolls
 c - a scroll of butterflies
 d - a scroll of blinking {unknown}
 f - a scroll of enchant weapon {unknown}
 h - a scroll of teleportation
 k - 5 scrolls of identify
Potions
 e - 2 potions of berserk rage {unknown}
 i - 2 potions of mutation {unknown}
 j - a potion of lignification {unknown}
 m - a potion of curing {unknown}
 p - a potion of brilliance {unknown}
 r - a potion of heal wounds {unknown}


   Skills:
 + Level 4.2 Fighting
 * Level 4.6 Long Blades
 + Level 3.0 Armour
 + Level 3.9 Dodging
 * Level 2.6 Spellcasting
 * Level 2.6 Conjurations
 * Level 2.6 Hexes
   Level 0.0 Charms
 * Level 2.6 Summonings
 * Level 2.6 Necromancy
 * Level 2.6 Translocations
 * Level 2.6 Transmutations
 * Level 2.6 Fire Magic
 * Level 2.6 Ice Magic
 * Level 2.6 Air Magic
 * Level 2.6 Earth Magic
 * Level 2.6 Poison Magic


You knew the following spells:

 Your Spells              Type           Power      Damage    Failure   Level
a - Summon Small Mammal   Summ           36%        N/A       10%         1
b - Passwall              Tmut/Erth      7%         N/A       14%         2
c - Summon Guardian Gole  Hex/Summ       9%         N/A       28%         3
Your spell library was empty.

Dungeon Overview and Level Annotations

Branches:
Dungeon (5/15)             Temple (0/1) D:4

Altars:
Dithmenos
Ru

Annotations:
D:4 1 runed translucent door, skwerlee's ghost, amateur DsBe


Innate Abilities, Weirdness & Mutations

You are immune to sickness and miasma.
You are immune to poison.
Your flesh is very heat resistant. (rF++)
You are vulnerable to cold. (rC-)
You float through the air rather than walking.
You learn spells naturally, not from books.
Your magical power is your life essence.
You have superior vitality. (+4 MHP)


Message History

You block the ogre's attack.
You hit the ogre. You freeze the ogre.
The ogre is lightly wounded.
The crimson imp hits you but does no damage.
The ogre barely misses you.
You hit the ogre. You burn the ogre.
The ogre is moderately wounded.
The crimson imp disappears in a puff of smoke!
Unknown command.
You barely miss the ogre.
The ogre is moderately wounded.
You block the ogre's attack.
You hit the ogre.
The ogre is moderately wounded.
The ogre closely misses you.
Unknown command.
You hit the ogre.
The ogre is heavily wounded.
You hit the ogre but do no damage.
The ogre is heavily wounded.
The ogre hits you with a +0 giant club!!
A shower of butterflies erupts from you!
You barely miss the ogre.
The ogre is moderately wounded.
You block the ogre's attack.
You swap places.
You barely miss the ogre.
The ogre is moderately wounded.
A scorpion comes into view.
The ogre hits you with a +0 giant club!!
* * * LOW HITPOINT WARNING * * *
Unknown command.
You slash the ogre! You burn the ogre.
The ogre is severely wounded.
You hear Xom's avuncular chuckle.
The ogre evaporates and reforms as a blink frog!
You are now a favourite toy of Xom.
The blink frog hits you!
You die...
Xom laughs nastily!

#........#
#........#
######.+##
##.....# #
#..###.#
#.####..#≈#.#
####.#.....###.#
...............##
.....s.bb)F@....#
.........9b####.#
......bb)..# .#
...>.....b.# #
...........#
...........#
###+########


You could see a blink frog (ally target), a scorpion and a friendly guardian
golem (summoned).

Vanquished Creatures
  A kobold brigand (D:5)
  A scorpion (D:5)
  2 orc priests (D:4)
  A hound (D:3)
  An iguana (D:4)
  4 orc wizards
  4 gnolls
  5 adders
  4 worms
  9 orcs
  7 endoplasms
  3 giant cockroaches
  6 goblins
  6 hobgoblins
  7 jackals
  4 quokkas
  9 ball pythons
  2 bats (D:1)
  2 frilled lizards
  10 kobolds
  3 rats (D:3)
91 creatures vanquished.

Vanquished Creatures (collateral kills)
  An ogre (D:4)
  2 gnolls (D:5)
  An orc (D:4)
4 creatures vanquished.

Grand Total: 95 creatures vanquished

Notes
Turn   | Place    | Note
-------+----------+-------------------------------------------
     0 | D:1      | Xavori the Djinni Chaos Knight began the quest for the Orb.
     0 | D:1      | Reached XP level 1. HP: 20/20 MP: 0/0
   184 | D:1      | Reached XP level 2. HP: 23/25 MP: 0/0
   309 | D:1      | XOM: potion effect (attraction)
   687 | D:2      | Reached XP level 3. HP: 24/30 MP: 0/0
   687 | D:2      | Learned a level 1 spell: Summon Small Mammal
   998 | D:2      | Reached skill level 1 in Spellcasting
   998 | D:2      | Reached skill level 1 in Conjurations
   998 | D:2      | Reached skill level 1 in Hexes
   998 | D:2      | Reached skill level 1 in Summonings
   998 | D:2      | Reached skill level 1 in Necromancy
   998 | D:2      | Reached skill level 1 in Translocations
   998 | D:2      | Reached skill level 1 in Transmutations
   998 | D:2      | Reached skill level 1 in Fire Magic
   998 | D:2      | Reached skill level 1 in Ice Magic
   998 | D:2      | Reached skill level 1 in Air Magic
   998 | D:2      | Reached skill level 1 in Earth Magic
   998 | D:2      | Reached skill level 1 in Poison Magic
  1212 | D:2      | Reached XP level 4. HP: 35/35 MP: 0/0
  2122 | D:3      | XOM: enchant monster (bad)
  2127 | D:3      | Reached XP level 5. HP: 34/40 MP: 0/0
  2127 | D:3      | Learned a level 2 spell: Passwall
  2534 | D:4      | Identified the "Zigolim"
  2580 | D:4      | XOM: divination: detect items
  2619 | D:4      | Reached XP level 6. HP: 26/47 MP: 0/0
  2624 | D:4      | XOM: chaos upgrade
  2767 | D:4      | Found a runed translucent door.
  2768 | D:4      | Noticed skwerlee's ghost (amateur DsBe)
  2818 | D:4      | Noticed an ogre
  2820 | D:4      | XOM: summons friendly white imp
  2825 | D:4      | Killed an ogre
  2917 | D:4      | Found a staircase to the Ecumenical Temple.
  3061 | D:4      | Found Perseus's Dragon-Slaying Spoils.
  3290 | D:4      | Reached XP level 7. HP: 49/51 MP: 0/0
  3290 | D:4      | Learned a level 3 spell: Summon Guardian Golem
  3290 | D:4      | XOM: enchant monster (bad)
  3364 | D:4      | Found a sacrificial altar of Ru.
  3416 | D:4      | Found a shadowy altar of Dithmenos.
  3453 | D:5      | Entered Level 5 of the Dungeon
  3559 | D:5      | XOM: silly message
  3586 | D:5      | XOM: divination: magic mapping
  3587 | D:5      | XOM: divination: detect creatures
  3796 | D:5      | XOM: summons 6 friendly demons
  3798 | D:5      | XOM: summons 4 hostile demons
  3814 | D:5      | XOM: summons 4 hostile shadow creatures
  3815 | D:5      | Noticed a water moccasin
  3838 | D:5      | XOM: butterfly on damage
  3842 | D:5      | an ogre changed into a blink frog
  3842 | D:5      | Noticed a blink frog
  3842 | D:5      | XOM: polymorph ogre -> blink frog
  3842 | D:5      | Slain by a blink frog

Illustrated notes

Levels and vault maps discovered:
D:1:      psy_arrival_conway, layout_loops_cross
D:2:      layout_loops_ring, basic_altar, serial_forest,
          infiniplex_forest_clump_small, infiniplex_forest_clump_double,
          infiniplex_forest_lined_2, infiniplex_forest_lined_room_2,
          infiniplex_forest_lined_1, infiniplex_forest_straight_1,
          infiniplex_forest_clump_double, infiniplex_forest_clump_small,
          infiniplex_forest_clump_large
D:3:      layout_loops_ring, hangedman_abyss_or_decor_lesser_grid,
          kennysheep_big_empty_room
D:4:      layout_rooms, lemuel_coloured_pillars_altar, kennysheep_little_box,
          minmay_temple_entry_glass, ebering_ghost_reflecting_pool,
          nicolae_shop_dragon_depot
D:5:      layout_basic, serial_glass, glass_columns_a, glass_columns_a,
          feat_on_display, item_on_display_a, feat_on_display

Skill      XL: |  1  2  3  4  5  6  7 |
---------------+----------------------+-----
Long Blades    | 3 4 |  4.6
Spellcasting   | 1 2 |  2.6
Conjurations   | 1 2 |  2.6
Hexes          | 1 2 |  2.6
Summonings     | 1 2 |  2.6
Necromancy     | 1 2 |  2.6
Translocations | 1 2 |  2.6
Transmutations | 1 2 |  2.6
Fire Magic     | 1 2 |  2.6
Ice Magic      | 1 2 |  2.6
Air Magic      | 1 2 |  2.6
Earth Magic    | 1 2 |  2.6
Poison Magic   | 1 2 |  2.6
Armour         | 2 3 |  3.0
Dodging        | 3 |  3.9
Fighting       | 4 |  4.2

Action                     |  1- 3 |  4- 6 |  7- 9 || total
---------------------------+-------+-------+-------++-------
  Melee: Falchion          |   110 |   194 |   138 ||   442
         Punch             |     2 |     3 |     2 ||     7
   Cast: Summon Small Mamm |       |     7 |       ||     7
         Summon Guardian G |       |       |     3 ||     3
    Use: Scroll            |       |     2 |       ||     2
   Stab: Paralysed         |     3 |     2 |       ||     5
         Sleeping          |       |     2 |       ||     2
         Distracted        |       |     1 |     1 ||     2
 Armour: Leather armour    |    53 |   168 |   104 ||   325
  Dodge: Dodged            |    82 |   118 |    96 ||   296
  Block: Other             |     4 |    61 |    38 ||   103
         Reflection        |       |       |     1 ||     1

Table legend: (Time is in decaauts)
 A = Elapsed time spent in this place.
 B = Non-inter-level travel time spent in this place.
 C = Inter-level travel time spent in this place.
 D = Time resting spent in this place.
 E = Time spent auto-exploring this place.
 F = Levels seen in this place.
 G = Mean time per level.
                   A        B        C        D        E       F      G
               +--------+--------+--------+--------+--------+-----+--------+
         Total |   3895 |   3749 |    146 |    180 |   2660 |   5 |  779.0 |
       Dungeon |   3895 |   3749 |    146 |    180 |   2660 |   5 |  779.0 |
               +--------+--------+--------+--------+--------+-----+--------+

Top non-repeatable levels by time:
     D:3: 1008 daAuts
     D:2: 978 daAuts
     D:4: 857 daAuts
     D:1: 653 daAuts
     D:5: 396 daAuts
